 Dungeon Crawl Stone Soup version 0.30-b1-2-g02819fbbbe (webtiles) character file.

Game seed: 567323639516274990

500 sanka the Ducker (level 7, -6/54 HPs)
             Began as a Merfolk Hexslinger on May 7, 2023.
             Mangled by Menkaure (13 damage)
             ... on level 5 of the Dungeon.
             The game lasted 00:04:54 (3590 turns).

sanka the Ducker (Merfolk Hexslinger)               Turns: 3590, Time: 00:04:54

Health: -6/54      AC:  7    Str: 10    XL:     7   Next: 16%
Magic:  5/8        EV: 15    Int: 13    God:
Gold:   274        SH:  0    Dex: 16    Spells: 7/8 levels left

rFire   . . .        a - +1 sling
rCold   . . .        (no shield)
rNeg    . . .        c - +0 robe
rPois   .            (no helmet)
rElec   .            (no cloak)
rCorr   .            i - +0 pair of gloves
SInv    .            (no boots)
Will    .....        (no amulet)
Stlth   +            f - +4 ring of protection
HPRegen 0.29/turn    (no ring)
MPRegen 0.11/turn

%: no passive effects
@: no status effects
A: (nimble swimmer 2), mertail
a: no special abilities


You were on level 5 of the Dungeon.
You visited 1 branch of the dungeon, and saw 5 of its levels.

You collected 274 gold pieces.

Inventory:

Hand Weapons
 a - a +1 sling (weapon)
Armour
 c - a +0 robe (worn)
 i - a +0 pair of gloves (worn)
Jewellery
 f - a +4 ring of protection (left hand)
 n - a ring of fire
Scrolls
 b - 2 scrolls of poison {!r}
 d - 2 scrolls of blinking {unknown}
 e - 3 scrolls of identify {unknown}
 g - a scroll of noise {unknown}
 h - 3 scrolls of amnesia {unknown}
 p - a scroll of fog {unknown}
Potions
 j - 3 potions of haste {unknown}
 k - 2 potions of flight {unknown}
 l - 2 potions of might {unknown}
 m - a potion of resistance {unknown}
 o - a potion of mutation {unknown}
 q - a potion of curing {@q1}


   Skills:
 + Level 4.2 Fighting
 * Level 4.2 Ranged Weapons
 + Level 5.7 Dodging
 - Level 1.0 Spellcasting
 - Level 3.0 Hexes


You had 7 spell levels left.
You knew the following spells:

 Your Spells              Type           Power      Damage    Failure   Level
a - Slow                  Hex            32%        N/A       9%          1

Your spell library contained the following spells:

 Spells                   Type           Power      Damage    Failure   Level
 Inner Flame              Hex/Fire       4%         N/A       41%         3
 Portal Projectile        Hex/Tloc       8%         N/A       41%         3
 Hailstorm                Conj/Ice       0%         3d3       63%         3
 Volatile Blastmotes      Fire/Tloc      0%         2d10      63%         3
 Cause Fear               Hex            4%         N/A       63%         4
 Fulminant Prism          Conj/Hex       2%         3d5       83%         4
 Ice Form                 Ice/Tmut       0%         N/A       95%         4
 Iskenderun's Mystic Bla  Conj/Tloc      0%         2d3       95%         4
 Lee's Rapid Deconstruct  Erth           0%         3d4*      100%        5
 Simulacrum               Ice/Necr       0%         N/A       100%        6
 Chain Lightning          Conj/Air       0%         N/A       100%        9
 Fire Storm               Conj/Fire      0%         5d1       100%        9
 Shatter                  Erth           0%         3d5*      100%        9


Dungeon Overview and Level Annotations

Branches:
Dungeon (5/15)
 Temple: D:4-7

Altars:
Sif Muna
Uskayaw

Annotations:
D:5 Menkaure


Innate Abilities, Weirdness & Mutations

((You are very nimble when in or above water. (Stealth+, EV+, Speed+++)))
Your lower body shifts to a powerful aquatic tail in water.


Message History

Menkaure is moderately damaged.
You shoot a sling bullet. The sling bullet hits Menkaure!
Menkaure is heavily damaged.
You shoot a sling bullet. The sling bullet hits Menkaure!
Menkaure is severely damaged.
Menkaure gestures at you while chanting.
Pain shoots through your body!
You shoot a sling bullet. The sling bullet hits Menkaure.
Menkaure is almost destroyed.
Menkaure calls on the powers of darkness!
Your body is wracked with pain!
You are too injured to fight recklessly!
You are too injured to fight recklessly!
You are too injured to fight recklessly!
You are too injured to fight recklessly!
Aiming: Slow (safe; 9% risk of failure)
Press: ? - help, Q - select action, (/) - cycle Shift-Dir - straight line, f/p - Menkaure
Aim: Menkaure (almost destroyed, chance to affect: 41%) Menkaure resists with some effort.
Menkaure casts a spell.
Menkaure seems to speed up.
Aiming: Slow (safe; 9% risk of failure)
Press: ? - help, Q - select action, (/) - cycle Shift-Dir - straight line, f/p - Menkaure
Aim: Menkaure (almost destroyed, fast, chance to affect: 41%) Menkaure resists with some effort.
Aiming: Slow (safe; 9% risk of failure)
Press: ? - help, Q - select action, (/) - cycle Shift-Dir - straight line, f/p - Menkaure
Aim: Menkaure (almost destroyed, fast, chance to affect: 41%) Menkaure seems to slow down.
Menkaure hits you!
* * * LOW HITPOINT WARNING * * *
You shoot a sling bullet.
The sling bullet barely misses Menkaure.
Menkaure calls on the powers of darkness!
Your body is wracked with pain!
* * * LOW HITPOINT WARNING * * *
You shoot a sling bullet. The sling bullet hits Menkaure.
Menkaure is almost destroyed.
Menkaure hits you!
You die...

# ## .. ...
... #..###
... #>....
.. #...##.#
#..@..#
#.M........
#.#...#....
.......#
... #..
#...# #
.... ##...
#### ....
###.#


You could see Menkaure (fast, slow).

Vanquished Creatures
  2 phantoms (D:4)
  A howler monkey (D:4)
  2 jellies (D:4)
  A hound (D:4)
  A gnoll bouda (D:2)
  5 adders
  8 gnolls
  A worm (D:2)
  4 dart slugs
  9 orcs
  7 endoplasms
  2 goblins
  4 hobgoblins
  7 kobolds
  2 quokkas
  3 ball pythons
  6 bats
  A frilled lizard (D:1)
  A rat (D:1)
67 creatures vanquished.

Notes
Turn   | Place    | Note
-------+----------+-------------------------------------------
     0 | D:1      | sanka the Merfolk Hexslinger began the quest for the Orb.
     0 | D:1      | Reached XP level 1. HP: 15/15 MP: 2/2
    48 | D:1      | Reached skill level 3 in Dodging
    71 | D:1      | Reached XP level 2. HP: 22/22 MP: 3/3
   106 | D:1      | You fall into a shaft and drop 1 floor!
   658 | D:1      | Reached XP level 3. HP: 27/27 MP: 4/4
  1160 | D:2      | Found a faded altar of an unknown god.
  1384 | D:3      | Reached skill level 4 in Dodging
  1515 | D:2      | Reached XP level 4. HP: 19/34 MP: 5/5
  1770 | D:2      | Reached XP level 5. HP: 17/41 MP: 6/6
  2094 | D:3      | Found a shimmering blue altar of Sif Muna.
  2485 | D:3      | HP: 2/41 [gnoll/+0 halberd (4)]
  2792 | D:4      | Reached skill level 5 in Dodging
  2792 | D:4      | Reached XP level 6. HP: 40/47 MP: 7/7
  2898 | D:4      | Found a hide-covered altar of Uskayaw.
  3256 | D:4      | Reached XP level 7. HP: 20/54 MP: 8/8
  3581 | D:5      | Entered Level 5 of the Dungeon
  3581 | D:5      | Noticed Menkaure
  3590 | D:5      | Mangled by Menkaure

Illustrated notes

Levels and vault maps discovered:
D:1:      scummos_arrival_forest, layout_basic, st_stairs_6
D:2:      layout_rooms, chequers_ecumenical_altar_island, nrook_loot_triangle
D:3:      layout_basic, led_sif_pool, nrook_campfire, columned_hall_lemuel
D:4:      layout_rooms, amcnicky_altar_gilded
D:5:      layout_basic, minmay_temple_entry_butterflies, uniq_menkaure,
          uniq_grinder

Skill      XL: |  1  2  3  4  5  6 |
---------------+-------------------+-----
Dodging        | 3 4 5 |  5.7
Fighting       | 2 3 4 |  4.2
Ranged Weapons | 2 3 4 |  4.2
Spellcasting   | |  1.0
Hexes          | |  3.0

Action                     |  1- 3 |  4- 6 |  7- 9 || total
---------------------------+-------+-------+-------++-------
   Fire: Sling             |   131 |   202 |    19 ||   352
   Cast: Slow              |       |       |     3 ||     3
    Use: Potion            |       |     2 |       ||     2
 Armour: Robe              |    11 |    24 |     3 ||    38
  Dodge: Dodged            |    52 |    93 |     2 ||   147
